 Dungeon Crawl Stone Soup version 0.29-a0-284-gf9362112df (webtiles) character file.

Game seed: 3445394512810020374

28 NinjaNoafa the Slasher (level 3, -3/31 HPs)
             Began as a Gnoll Chaos Knight on Mar 28, 2022.
             Was an Initiate of Elyvilon.
             Slain by a worm (8 damage)
             ... on level 3 of the Dungeon.
             The game lasted 00:13:48 (1180 turns).

NinjaNoafa the Slasher (Gnoll Chaos Knight)         Turns: 1180, Time: 00:13:49

Health: -3/31      AC:  9    Str: 10 (11) XL:     3   Next: 12%
Magic:  3/3        EV:  5    Int: 13      God:    Elyvilon [......]
Gold:   80         SH:  0    Dex:  9      Spells: 3/3 levels left

rFire   . . .      SeeInvis .   k - staff of conjuration
rCold   . . .      Faith    .   (no shield)
rNeg    . . .      Spirit   .   d - +0 chain mail
rPois   .          Reflect  .   (no helmet)
rElec   .          Harm     .   (no cloak)
rCorr   .          Rampage  .   (no gloves)
Will    .....                   (no boots)
Stlth   ..........              (no amulet)
HPRegen 0.10/turn               (no ring)
MPRegen 0.08/turn               (no ring)

@: lethally poisoned (-3 -> -7)
A: fangs 1, strong nose, distributed training, hooves 1, clumsy 1, deterioration
1, frail 1
a: Renounce Religion


You were on level 3 of the Dungeon.
You worshipped Elyvilon.
Elyvilon was noncommittal.
You visited 1 branch of the dungeon, and saw 3 of its levels.

You collected 80 gold pieces.

Inventory:

Hand Weapons
 a - a +0 falchion of chaos
 h - a +0 mace
 i - a +0 hunting sling
 j - a +0 whip
 l - a +0 club
 m - a +1 dagger
 n - a +0 whip
Missiles
 e - 17 stones
Armour
 b - a +2 leather armour
 d - a +0 chain mail (worn)
 f - a +0 chain mail
 o - a +0 leather armour
Magical Staves
 k - a staff of conjuration (weapon)
Miscellaneous
 c - a piece from Xom's chessboard (4/15) (quivered)


   Skills:
 + Level 6.5 Fighting
 + Level 0.6 Short Blades
 + Level 6.5 Long Blades
 + Level 0.6 Axes
 + Level 0.6 Maces & Flails
 + Level 0.6 Polearms
 + Level 0.6 Staves
 + Level 0.6 Slings
 + Level 0.6 Bows
 + Level 0.6 Crossbows
 + Level 0.6 Throwing
 + Level 4.5 Armour
 + Level 2.5 Dodging
 + Level 0.6 Stealth
 + Level 0.6 Shields
 + Level 0.6 Unarmed Combat
 + Level 0.6 Spellcasting
 + Level 0.4 Conjurations
 + Level 0.4 Hexes
 + Level 0.4 Summonings
 + Level 0.4 Necromancy
 + Level 0.4 Translocations
 + Level 0.4 Transmutations
 + Level 0.4 Fire Magic
 + Level 0.4 Ice Magic
 + Level 0.4 Air Magic
 + Level 0.4 Earth Magic
 + Level 0.4 Poison Magic
 + Level 0.8 Invocations
 + Level 0.6 Evocations


You had 3 spell levels left.
You didn't know any spells.
Your spell library contained the following spells:

 Spells                   Type           Power      Damage    Failure   Level
 Corpse Rot               Necr/Air       2%         N/A       100%        2
 Poisonous Vapours        Pois/Air       2%         N/A       100%        2


Dungeon Overview and Level Annotations

Branches:
Dungeon (3/15)

Altars:
Elyvilon

Annotations:
D:3 Robin


Innate Abilities, Weirdness & Mutations

You have very sharp teeth.
Your uncanny sense of smell can sniff out nearby items.
Your experience applies equally to all skills.
You have large cloven feet.
You are clumsy. (Dex -2)
Your body sometimes deteriorates upon taking damage.
You are frail. (-10% HP)


Message History

The goblins go into a battle-frenzy!
The goblin hits you but does no damage. The adder bites you.
The worm bites you.
You hear a shout!
It was a potion of curing.
You feel better. The adder barely misses you. The goblin barely misses you.
k - a staff of conjuration (weapon)
The adder bites you but does no damage. The goblin hits you but does no damage.
The hobgoblin hits you but does no damage.
The worm bites you.
Your body deteriorates!
You feel weakened.
You make a move on Xom's chessboard...
The goblin suddenly stops moving!
The adder bites you. The hobgoblin hits you.
The goblin hits you but does no damage.
You make a move on Xom's chessboard...
The goblin appears confused.
The adder bites you but does no damage. The worm bites you but does no damage.
Robin throws the goblin at you!
A hobgoblin comes into view.
The goblin barely misses you.
A goblin comes into view.
It is wielding a +2 dagger of electrocution.
The hobgoblin hits you but does no damage.
The adder bites you but does no damage.
Unknown command.
You aren't carrying any potions.
As you read the scroll of fog, it crumbles to dust.
The scroll dissolves into smoke.
The goblin shouts!
The hobgoblin shouts!
The adder bites you.
You are poisoned.
The adder poisons you! The goblin hits you but does no damage.
The hobgoblin hits you.
* * * LOW HITPOINT WARNING * * *
The goblin hits you but does no damage.
As you read the scroll labelled METARY AV GUOC, it crumbles to dust.
It is a scroll of enchant weapon.
Your +0 dagger glows red for a moment.
* * * LOW HITPOINT WARNING * * *
You feel sick. The adder barely misses you. The worm bites you!
You die...
Xom howls with laughter!

..............
..............
.......g.g...
............
.....).....######
......!g$.......#
.......g§.......#
.....ggwS.......#
.#####@g§.....<+
#gg§......#
#§§§......#
#.........#
#.............#
#############.#


You could see a worm, Robin, an adder, 3 hobgoblins and 5 goblins.

Vanquished Creatures
  2 endoplasms (D:1)
  A giant cockroach (D:2)
  5 hobgoblins
  3 jackals (D:1)
  2 kobolds (D:2)
  2 quokkas
  2 ball pythons
  4 bats
  2 frilled lizards
  2 rats (D:1)
25 creatures vanquished.

Notes
Turn   | Place    | Note
-------+----------+-------------------------------------------
     0 | D:1      | NinjaNoafa the Gnoll Chaos Knight began the quest for the
                  | Orb.
     0 | D:1      | Reached XP level 1. HP: 23/23 MP: 1/1
   189 | D:1      | Reached XP level 2. HP: 21/29 MP: 2/2
   309 | D:1      | XOM: cloud trail
   389 | D:1      | Paralysed by you for 6 turns
   711 | D:2      | XOM: divination: detect items
   825 | D:2      | XOM: silly message
   853 | D:2      | XOM: give mutations
   853 | D:2      | Gained mutation: Your body sometimes deteriorates upon
                  | taking damage. [Xom's mischief]
   853 | D:2      | Gained mutation: You have large cloven feet. [Xom's
                  | mischief]
   853 | D:2      | Gained mutation: You are frail. (-10% HP) [Xom's mischief]
   853 | D:2      | Gained mutation: You are clumsy. (Dex -2) [Xom's mischief]
   901 | D:2      | Reached XP level 3. HP: 31/31 MP: 3/3
  1043 | D:2      | Found a white marble altar of Elyvilon.
  1069 | D:2      | Fell from the grace of Xom
  1069 | D:2      | Became a worshipper of Elyvilon the Healer
  1172 | D:3      | Noticed Robin
  1180 | D:3      | Slain by a worm

Illustrated notes

Levels and vault maps discovered:
D:1:      nzn_arrival_depleted_hourglass, layout_rooms,
          shapermc_ecumenical_altar_hornbeckon
D:2:      layout_basic, basic_altar
D:3:      minmay_razor_zed, layout_basic, minmay_misc_feat_cross, uniq_jessica,
          uniq_robin, uniq_terence

Action                   || total
-------------------------++-------
Melee: Falchion          ||    52
       Punch             ||     1
       Staff             ||     2
       Kick              ||     7
       Bite              ||     4
       Hunting sling     ||     1
       Dagger            ||    18
 Fire: Hunting sling     ||     6
Evoke: Piece from Xom's  ||    11
  Use: Scroll            ||     5
       Potion            ||     1
 Stab: Petrified         ||     2
Armor: Chain mail        ||   145
Dodge: Dodged            ||    37

Table legend: (Time is in decaauts)
 A = Elapsed time spent in this place.
 B = Non-inter-level travel time spent in this place.
 C = Inter-level travel time spent in this place.
 D = Time resting spent in this place.
 E = Time spent auto-exploring this place.
 F = Levels seen in this place.
 G = Mean time per level.
                   A        B        C        D        E       F      G
               +--------+--------+--------+--------+--------+-----+--------+
         Total |   1180 |   1177 |      3 |      0 |     22 |   3 |  393.3 |
       Dungeon |   1180 |   1177 |      3 |      0 |     22 |   3 |  393.3 |
               +--------+--------+--------+--------+--------+-----+--------+

Top non-repeatable levels by time:
     D:2: 682 daAuts
     D:1: 471 daAuts
     D:3: 26 daAuts
